 Dungeon Crawl Stone Soup version 0.31-a0-8-gd14b0f4ee2 (webtiles) character file.

Game seed: 5176384945823714996

722 Morbidden the Conjurer (level 7, 0/33 HPs)
             Began as a Vine Stalker Conjurer on May 7, 2023.
             Slain by a quasit (1 damage)
             ... summoned by Eustachio
             ... on level 4 of the Dungeon.
             The game lasted 00:05:40 (4820 turns).

Morbidden the Conjurer (Vine Stalker Conjurer)      Turns: 4820, Time: 00:05:41

Health: 0/33       AC:  5    Str: 10    XL:     7   Next: 71%
Magic:  0/15       EV: 12    Int: 20    God:
Gold:   145        SH:  0    Dex: 12    Spells: 12/15 levels left

rFire   . . .        a - +2 rapier (speed)
rCold   . . .        (no shield)
rNeg    + . .        w - +0 robe
rPois   .            (no helmet)
rElec   .            (no cloak)
rCorr   .            n - +0 pair of gloves
SInv    .            l - +1 pair of boots
Will    +....        (no amulet)
Stlth   ++           p - ring of positive energy
HPRegen 1.05/turn    u - ring of willpower
MPRegen 0.14/turn

%: guardian spirit
@: no status effects
A: fangs 2, regeneration 1, magic shield, antimagic bite, no potion heal 2
a: no special abilities


You were on level 4 of the Dungeon.
You visited 1 branch of the dungeon, and saw 4 of its levels.

You collected 145 gold pieces.

Inventory:

Hand Weapons
 a - a +2 rapier of speed (weapon)
Armour
 l - a +1 pair of boots (worn)
 n - a +0 pair of gloves (worn)
 w - a +0 robe (worn)
Jewellery
 p - a ring of positive energy (left hand)
 u - a ring of willpower (right hand)
Scrolls
 f - 2 scrolls of vulnerability {unknown}
 g - a scroll of fog {unknown}
 i - 3 scrolls of identify {unknown}
 q - 2 scrolls of poison {unknown}
 r - a scroll of noise {unknown}
 s - a scroll of enchant armour {unknown}
 v - a scroll of amnesia {unknown}
Potions
 c - 2 potions of haste {unknown}
 d - 2 potions of curing {unknown}
 e - a potion of degeneration {unknown}
 h - a potion of invisibility {unknown}
 j - a potion of might {unknown}
 k - a potion of berserk rage {unknown}
 m - 2 potions of attraction {unknown}
 o - 3 potions of heal wounds {unknown}
 t - a potion of lignification {unknown}


   Skills:
 * Level 1.5 Fighting
 * Level 0.3 Short Blades
 * Level 1.6 Armour
 * Level 2.3 Dodging
 + Level 4.1 Stealth
 + Level 0.5 Unarmed Combat
 * Level 4.9 Spellcasting
 * Level 6.3 Conjurations


You had 12 spell levels left.
You knew the following spells:

 Your Spells              Type           Power      Damage    Failure   Level
a - Magic Dart            Conj           100%       1d8       1%          1
b - Searing Ray           Conj           60%        2d6       1%          2

Your spell library contained the following spells:

 Spells                   Type           Power      Damage    Failure   Level
 Dazzling Flash           Conj/Hex       34%        N/A       10%         3
 Sublimation of Blood     Necr           4%         N/A       19%         2
 Fulminant Prism          Conj/Hex       8%         3d6       32%         4
 Iskenderun's Mystic Bla  Conj/Tloc      17%        2d5       32%         4
 Ozocubu's Armour         Ice            4%         N/A       34%         3
 Volatile Blastmotes      Fire/Tloc      8%         2d10      34%         3
 Irradiate                Conj/Tmut      8%         3d14      65%         5
 Petrify                  Tmut/Erth      4%         N/A       75%         4
 Starburst                Conj/Fire      8%         6d4       99%         6
 Ozocubu's Refrigeration  Ice            2%         4d7       100%        7


Dungeon Overview and Level Annotations

Branches:
Dungeon (4/15)
 Temple: D:4-7

Altars:
Xom

Shops:
D:1 [

Annotations:
D:3 1 runed translucent door, Crazy Yiuf
D:4 Eustachio


Innate Abilities, Weirdness & Mutations

You have extremely sharp teeth.
Your natural rate of healing is unusually fast.
When hurt, damage is shared between your health and your magic reserves.
Your bite disrupts and absorbs the magic of your enemies.
Potions cannot restore your health.


Message History

You are too injured to fight recklessly!
Unknown command.
Unknown command.
The kobold attacks as you move away!
The kobold hits you with a +2 short sword of electrocution.
* * * LOW HITPOINT WARNING * * *
Found 15 gold pieces.
Eustachio gestures wildly while chanting.
Unknown command.
Unknown command.
The kobold attacks as you move away!
The kobold hits you with a +2 short sword of electrocution.
* * * LOW HITPOINT WARNING * * *
Unknown command.
You barely miss the kobold. Your bite misses the kobold.
The kobold barely misses you.
Unknown command.
Unknown command.
Unknown command.
Unknown command.
Okay, then.
Okay, then.
Eustachio zaps a wand.
The puff of flame hits you.
* * * LOW HITPOINT WARNING * * *
Unknown command.
Unknown command.
Unknown command.
Okay, then.
Sorry, you're not good enough to have a special ability.
Unknown command.
Magic courses through your body. The kobold hits you but does no damage.
You are electrocuted!
* * * LOW HITPOINT WARNING * * *
Unknown command.
Unknown command.
You barely miss the kobold. You bite the kobold, but do no damage.
The kobold hits you with a +2 short sword of electrocution.
* * * LOW HITPOINT WARNING * * *
The quasit bites you.
You die...

.....#...##...#
....#.....†... ..#
#..##...#....... ...#
##..##... .....
#..##...##..# #.[#
.......##..###.5######
#.....##.....5.......
#####.....##...@K........
#........<.#...@5........
#..........'.............
#..##.....##...##..##....
##.....##...##### ....
#........)......# ...
#..[............. .$
#........†.......
####...#..#.##..
####.#..####### ..


You could see Eustachio, an iron imp (summoned), a quasit (summoned), a white
imp (summoned) and a kobold.

Vanquished Creatures
  Sigmund (D:2)
  A steam dragon (D:4)
  Duvessa (D:4)
  Dowan (D:4)
  Natasha (thrice) (D:2 D:1)
  3 gnolls
  8 adders
  2 worms
  6 dart slugs
  6 orcs (D:3)
  5 bats
  7 endoplasms
  2 giant cockroaches
  6 goblins
  4 hobgoblins
  8 jackals
  4 quokkas
  5 ball pythons
  2 frilled lizards
  2 kobolds
  7 rats
84 creatures vanquished.

Vanquished Creatures (others)
  2 plants (D:3)
2 creatures vanquished.

Grand Total: 86 creatures vanquished

Notes
Turn   | Place    | Note
-------+----------+-------------------------------------------
     0 | D:1      | Morbidden the Vine Stalker Conjurer began the quest for the
                  | Orb.
     0 | D:1      | Reached XP level 1. HP: 9/9 MP: 4/4
   180 | D:1      | Reached XP level 2. HP: 13/13 MP: 0/6
   226 | D:1      | Learned a level 2 spell: Searing Ray
   251 | D:1      | Found Weries's Antique Armour Emporium.
  1072 | D:1      | Reached XP level 3. HP: 16/16 MP: 1/7
  1579 | D:1      | Gained mutation: Your natural rate of healing is unusually
                  | fast. [Vine Stalker growth]
  1579 | D:1      | Reached XP level 4. HP: 10/21 MP: 2/8
  1870 | D:2      | Noticed Natasha
  1877 | D:2      | Killed Natasha
  1878 | D:2      | Reached skill level 5 in Conjurations
  2039 | D:2      | Reached XP level 5. HP: 25/25 MP: 4/10
  2041 | D:2      | Noticed Sigmund
  2051 | D:2      | Noticed Natasha
  2079 | D:1      | Killed Natasha
  2080 | D:1      | Reached skill level 1 in Armour
  2753 | D:1      | Found Weries's Antique Armour Emporium.
  2835 | D:1      | Noticed Natasha
  2840 | D:1      | Killed Natasha
  3379 | D:2      | Killed Sigmund
  3380 | D:2      | Reached skill level 1 in Fighting
  3380 | D:2      | Reached XP level 6. HP: 30/30 MP: 2/13
  3993 | D:3      | Found a faded altar of an unknown god.
  4025 | D:3      | Found a shimmering altar of Xom.
  4120 | D:3      | Found a runed translucent door.
  4121 | D:3      | Noticed Crazy Yiuf
  4648 | D:4      | Noticed Duvessa
  4652 | D:4      | Noticed Dowan
  4661 | D:4      | Killed Duvessa
  4662 | D:4      | Reached skill level 6 in Conjurations
  4662 | D:4      | Reached XP level 7. HP: 17/33 MP: 10/14
  4679 | D:4      | Killed Dowan
  4804 | D:4      | Noticed a steam dragon
  4806 | D:4      | Noticed Eustachio
  4814 | D:4      | Killed a steam dragon
  4819 | D:4      | HP: 1/33 [kobold/+2 short sword of electrocution (3)]
  4820 | D:4      | Slain by a quasit

Illustrated notes

Levels and vault maps discovered:
D:1:      dpeg_arrival_renting, layout_basic, serial_shops, shop,
          roderic_serpentine_path, hex_tiny, minmay_pentomino_u4
D:2:      layout_rooms, uniq_sigmund, uniq_natasha
D:3:      layout_basic, lemuel_crystal_altar, serial_forest,
          infiniplex_forest_lined_1, infiniplex_forest_lined_3_way,
          infiniplex_forest_clump_diagonal, infiniplex_forest_straight_3,
          infiniplex_forest_clump_medium, infiniplex_forest_end_1,
          infiniplex_forest_end_1, infiniplex_forest_clump_double,
          infiniplex_forest_lined_room_, hellmonk_ecumenical_altar_blasted,
          st_stairs_10, uniq_crazy_yiuf_cottage
D:4:      layout_gridville, tso_oasis_becter,
          mainiacjoe_overflow_six_doors_small, grunt_decor_resistance,
          palyth_stone_intersect, roderic_roman_lattice, minivault_24,
          uniq_duvessa, uniq_eustachio, uniq_pikel

Skill      XL: |  1  2  3  4  5  6  7 |
---------------+----------------------+-----
Stealth        | 3 4 |  4.1
Conjurations   | 5 6 |  6.3
Spellcasting   | 3 4 |  4.9
Dodging        | 2 |  2.3
Armour         | 1 |  1.6
Fighting       | 1 |  1.5
Short Blades   | |  0.3
Unarmed Combat | |  0.5

Action                     |  1- 3 |  4- 6 |  7- 9 || total
---------------------------+-------+-------+-------++-------
  Melee: Unarmed           |    15 |    14 |       ||    29
         Bite              |     4 |     4 |     2 ||    10
         Rapier            |       |       |     3 ||     3
   Cast: Magic Dart        |    62 |   100 |     9 ||   171
         Searing Ray       |       |     8 |     3 ||    11
    Use: Potion            |       |     1 |     1 ||     2
 Armour: Robe              |     7 |     5 |     4 ||    16
  Dodge: Dodged            |    34 |    30 |    11 ||    75

Table legend: (Time is in decaauts)
 A = Elapsed time spent in this place.
 B = Non-inter-level travel time spent in this place.
 C = Inter-level travel time spent in this place.
 D = Time resting spent in this place.
 E = Time spent auto-exploring this place.
 F = Levels seen in this place.
 G = Mean time per level.
                   A        B        C        D        E       F      G
               +--------+--------+--------+--------+--------+-----+--------+
         Total |   4829 |   4595 |    234 |     30 |   4059 |   4 | 1207.2 |
       Dungeon |   4829 |   4595 |    234 |     30 |   4059 |   4 | 1207.2 |
               +--------+--------+--------+--------+--------+-----+--------+

Top non-repeatable levels by time:
     D:1: 2614 daAuts
     D:3: 1093 daAuts
     D:2: 898 daAuts
     D:4: 223 daAuts
